 Dungeon Crawl Stone Soup version 0.27-a0-765-ge4d627daa3 (webtiles) character file.

Game seed: 16243451767199978081

77 dickylongcocking the Twirler (level 4, -4/33 HPs)
             Began as a Djinni Gladiator on Mar 25, 2021.
             Slain by a gnoll
             ... wielding a +0 halberd
              (10 damage)
             ... on level 3 of the Dungeon.
             The game lasted 00:03:04 (4370 turns).

dickylongcocking the Twirler (Djinni Gladiator)     Turns: 4370, Time: 00:03:04

Health: -4/33      AC:  3    Str: 14    XL:     4   Next: 33%
Gold:   101        EV: 12    Int: 10    God:
                   SH:  0    Dex: 14

rFire    + + .     SeeInvis .   a - +1 quarterstaff
rCold    x . .     Faith    .   (shield currently unavailable)
rNeg     . . .     Spirit   .   b - +0 leather armour
rPois    ∞         Reflect  .   (helmet restricted)
rElec    .         Harm     .   (no cloak)
rCorr    .         Rampage  .   (no gloves)
Will     .....                  (boots unavailable)
Stlth    +.........             (no amulet)
HPRegen  0.11/turn              (no ring)
MPRegen  0.00/turn              (no ring)

@: attractive, flying, very slightly contaminated
A: fire resistance 2, cold vulnerability 1, float, innate caster, hp casting,
extra vitality 1, antennae 1, mutation resistance 1
a: no special abilities


You were on level 3 of the Dungeon.
You visited 1 branch of the dungeon, and saw 3 of its levels.

You collected 101 gold pieces.

Inventory:

Hand Weapons
 a - a +1 quarterstaff (weapon)
Armour
 b - a +0 leather armour (worn)
 c - a +0 helmet
Jewellery
 g - an amulet of the acrobat
Scrolls
 e - 2 scrolls of amnesia
Potions
 d - a potion of attraction


   Skills:
 - Level 2.0 Fighting
 * Level 4.4 Staves
 - Level 1.5 Throwing
 - Level 3.2 Dodging
 * Level 0.6 Spellcasting


You had 3 spell levels left.
You knew the following spells:

 Your Spells              Type           Power      Damage    Failure   Level
a - Animate Skeleton      Necr           2%         N/A       34%         1
Your spell library was empty.

Dungeon Overview and Level Annotations

Branches:
Dungeon (3/15)

Altars:

Shops:
D:2 (*


Innate Abilities, Weirdness & Mutations

You are immune to poison.
Your flesh is very heat resistant. (rF++)
You are vulnerable to cold. (rC-)
You float through the air rather than walking.
You learn spells naturally, not from books.
Your magical power is your life essence.
You have superior vitality. (+4 HP)
You have a pair of small antennae on your head.
You are somewhat resistant to further mutation.


Message History

Something hits your goblin skeleton.
Your magical contamination has completely faded away.
What are your orders? t - Shout!
Orders for allies: a - Attack new target. p - Attack previous target. r - Retreat! s - Stop attacking. g - Guard the area. f - Follow me.
Anything else - Cancel.
Gang up on whom?
Press: ? - help, Dir - move target, f/p - gnoll
Aim: a gnoll, wielding a +0 halberd (moderately wounded) Attack!
Your goblin skeleton hits the gnoll but does no damage.
The gnoll hits your goblin skeleton with a +0 halberd!
Your goblin skeleton is destroyed!
Unknown command.
You see here a frilled lizard skeleton.
Casting: Animate Skeleton (safe; 34% risk of failure)
Confirm with . or Enter, or press ? or * to list all spells.
You attempt to give life to the dead...
The dead are walking!
Unknown command.
Unknown command.
You see here a jackal corpse.
Casting: Animate Skeleton (safe; 34% risk of failure)
Confirm with . or Enter, or press ? or * to list all spells.
You miscast Animate Skeleton.
You are very lightly contaminated with residual magic.
Nothing appears to happen.
Your frilled lizard skeleton closely misses the gnoll.
The gnoll hits you from afar with a +0 halberd!
* * * LOW HITPOINT WARNING * * *
Unknown command.
Unknown command.
Okay, then.
Your frilled lizard skeleton barely misses the gnoll.
You see here a +0 helmet.
It was a potion of attraction.
You feel attractive to monsters.
The gnoll hits you from afar with a +0 halberd!
You die...

##################
.................#
....############.#
###.############.##
...........##...@.#
#.#.###.........[.#
##..###.##.##...g†######
#...............Z.>......
.##..#####.##(...)#######
.##....# #.####..#######
.###.#.# #.........g.).#
.# #.#.# ######>.#####.#
.# #.#.# #..#####.#


You could see a gnoll (ally target) and a friendly frilled lizard skeleton.

Vanquished Creatures
  An adder (D:3)
  A worm (D:2)
  A dart slug (D:2)
  4 bats
  4 endoplasms
  4 giant cockroaches
  5 goblins
  7 hobgoblins
  6 jackals
  6 kobolds
  4 quokkas
  3 ball pythons
  4 frilled lizards
  4 rats
54 creatures vanquished.

Notes
Turn   | Place    | Note
-------+----------+-------------------------------------------
     0 | D:1      | dickylongcocking the Djinni Gladiator began the quest for
                  | the Orb.
     0 | D:1      | Reached XP level 1. HP: 18/18 MP: 0/0
   138 | D:1      | Reached skill level 3 in Staves
   153 | D:1      | Reached XP level 2. HP: 23/23 MP: 0/0
   974 | D:1      | Reached XP level 3. HP: 17/28 MP: 0/0
   974 | D:1      | Learned a level 1 spell: Animate Skeleton
  1476 | D:2      | Found Foukiss's Assorted Antiques.
  1606 | D:2      | Reached skill level 4 in Staves
  2121 | D:2      | Found Achox's Antique Weapon Shop.
  2725 | D:3      | Reached XP level 4. HP: 26/33 MP: 0/0
  3225 | D:3      | Gained mutation: You have a pair of small antennae on your
                  | head. [potion of mutation]
  3225 | D:3      | Gained mutation: You are somewhat resistant to further
                  | mutation. [potion of mutation]
  4370 | D:3      | Slain by a gnoll

Illustrated notes

Levels and vault maps discovered:
D:1:      lightli_arrival_isolated_outpost, layout_rooms, serial_rivers,
          chequers_serial_rivers_large_a, chequers_serial_rivers_small_3,
          chequers_serial_rivers_micro_b, chequers_serial_rivers_room_b,
          chequers_serial_rivers_room_a, chequers_serial_rivers_micro_b,
          minivault_27, minmay_3d_cube
D:2:      layout_basic, serial_shops, shop, shop
D:3:      layout_loops_ring, cheibriados_altar_1

Skill      XL: |  1  2  3 |
---------------+----------+-----
Staves         | 3 4 |  4.4
Fighting       | |  2.0
Throwing       | |  1.5
Dodging        | |  3.2
Spellcasting   | |  0.6

Action                   |  1- 3 |  4- 6 || total
-------------------------+-------+-------++-------
Melee: Quarterstaff      |   116 |    41 ||   157
Throw: Throwing net      |     2 |     2 ||     4
 Cast: Animate Skeleton  |       |     2 ||     2
  Use: Scroll            |       |     4 ||     4
       Potion            |       |     4 ||     4
Armor: Leather armour    |    33 |    10 ||    43
Dodge: Dodged            |    80 |    40 ||   120

Table legend: (Time is in decaauts)
 A = Elapsed time spent in this place.
 B = Non-inter-level travel time spent in this place.
 C = Inter-level travel time spent in this place.
 D = Time resting spent in this place.
 E = Time spent auto-exploring this place.
 F = Levels seen in this place.
 G = Mean time per level.
                   A        B        C        D        E       F      G
               +--------+--------+--------+--------+--------+-----+--------+
         Total |   4389 |   4277 |    112 |    939 |   2742 |   3 | 1463.0 |
       Dungeon |   4389 |   4277 |    112 |    939 |   2742 |   3 | 1463.0 |
               +--------+--------+--------+--------+--------+-----+--------+

Top non-repeatable levels by time:
     D:1: 1895 daAuts
     D:2: 1549 daAuts
     D:3: 945 daAuts
